 Dungeon Crawl Stone Soup version 0.21.1-1-g345015f (webtiles) character file.

149 cultivahabas the Ruffian (level 5, -3/54 HPs)
             Began as a Troll Monk on May 7, 2018.
             Slain by Sigmund
             ... wielding a +0 scythe
              (11 damage)
             ... on level 2 of the Dungeon.
             The game lasted 00:03:48 (1318 turns).

cultivahabas the Ruffian (Troll Monk)               Turns: 1318, Time: 00:03:49

Health: -3/54      AC:  5    Str: 24    XL:     5   Next: 9%
Magic:  4/4        EV: 10    Int:  6    God:
Gold:   125        SH:  0    Dex: 13    Spells: 4/4 levels left

rFire    . . .     SeeInvis .     - Unarmed
rCold    . . .     Gourm    +   (no shield)
rNeg     . . .     Faith    .   a - +0 robe
rPois    .         Spirit   .   (helmet restricted)
rElec    .         Reflect  .   (no cloak)
rCorr    .         Harm     .   (gloves unavailable)
MR       .....                  (boots unavailable)
Stlth    ++........             (no amulet)
HPRegen  0.58/turn              (no ring)
MPRegen  0.09/turn              (no ring)

@: mighty
A: large, unfitting armour, claws 3, fast metabolism 3, gourmand, regeneration
1, shaggy fur 1, tough skin 2
a: no special abilities


You were on level 2 of the Dungeon.
You were very full.

You visited 1 branch of the dungeon, and saw 2 of its levels.

You collected 125 gold pieces.

Inventory:

Missiles
 f - 50 stones (quivered)
Armour
 a - a +0 robe (worn)
Scrolls
 d - a scroll of remove curse {unknown}
 e - 3 scrolls of fear {unknown}
 g - a scroll of enchant weapon {unknown}
 h - a scroll of amnesia {unknown}
 i - a scroll of teleportation {unknown}
 k - a scroll of magic mapping {unknown}
Potions
 l - a potion of curing {unknown}
 m - a potion of magic {unknown}
Comestibles
 b - 4 rations
 j - 6 chunks of flesh


   Skills:
 + Level 3.8 Fighting
 - Level 2.4 Dodging
 - Level 1.0 Stealth
 + Level 4.6 Unarmed Combat


You had 4 spell levels left.
You didn't know any spells.

Dungeon Overview and Level Annotations

Branches:
Dungeon (2/15)

Altars:

Annotations:
D:2 Sigmund


Innate Abilities, Weirdness & Mutations

You are too large for most types of armour.
You have claws for hands.
Your metabolism is lightning-fast.
You like to eat raw meat.
Your natural rate of healing is unusually fast.
You are covered in fur. (AC +1)
You have very tough skin. (AC +2)


Message History

Butcher a rat corpse? [(y)es/(c)hoosy/(n)o/(a)ll/(e)dible/(q)uit/?]
You butcher the rat corpse.
You hear some strange, mumbled words.
A puff of flame appears from out of thin air!
You stop butchering the corpse.
The puff of flame hits you! Something hits you but does no damage.
Something hits you. Something hits you!
* * * LOW HITPOINT WARNING * * *
Things that are here:
a chunk of flesh; a rat skeleton; a bat corpse A magic dart appears from out of thin air!
The magic dart hits you!
* * * LOW HITPOINT WARNING * * *
You see here 25 stones.
A goblin comes into view.
It was a potion of might.
You feel very mighty all of a sudden. Something hits you!
You die...

.......## #.##.# ##..##..#
###....#
###.###.#####.†..#######
.......................
###........##{..>....#
######.#.##%##.....#
#.#...###.....#
#.###.({......# #.)
#####@....# ##. #......# .
#......# .## ####g....
..####### ..# .#..#
#.......####.#### #.# .#
#######...>#....###.# .# .#
###........#...##.# ##.#
#####...#....#........##....


You could see a goblin.

Vanquished Creatures
  Natasha (D:2)
  4 gnolls (D:2)
  5 adders
  A shadow imp (D:2)
  2 worms (D:2)
  A giant cockroach (D:1)
  5 goblins
  4 hobgoblins
  5 kobolds
  A quokka (D:2)
  2 bats
  3 frilled lizards
  2 rats (D:2)
36 creatures vanquished.

Notes
Turn   | Place    | Note
-------+----------+-------------------------------------------
     0 | D:1      | cultivahabas the Troll Monk began the quest for the Orb.
     0 | D:1      | Reached XP level 1. HP: 22/22 MP: 0/0
   390 | D:1      | Reached XP level 2. HP: 29/29 MP: 1/1
   840 | D:1      | Reached XP level 3. HP: 9/37 MP: 2/2
  1047 | D:2      | Reached skill level 4 in Unarmed Combat
  1060 | D:2      | Reached XP level 4. HP: 28/45 MP: 3/3
  1229 | D:2      | Noticed Natasha
  1244 | D:2      | Killed Natasha
  1290 | D:2      | Noticed Sigmund
  1296 | D:2      | Reached XP level 5. HP: 49/54 MP: 4/4
  1318 | D:2      | Slain by Sigmund

Skill      XL: |  1  2  3 |
---------------+----------+-----
Fighting       | 3 |  3.8
Unarmed Combat | 4 |  4.6
Dodging        | |  2.4
Stealth        | |  1.0

Action                   |  1- 3 |  4- 6 || total
-------------------------+-------+-------++-------
Melee: Unarmed           |    56 |    39 ||    95
       Punch             |     1 |       ||     1
Throw: Stone             |       |     1 ||     1
  Use: Potion            |       |     1 ||     1
  Eat: Chunk             |    11 |     6 ||    17
Armor: Robe              |    11 |    14 ||    25
Dodge: Dodged            |    31 |    16 ||    47
